Map: Ruins of Endion

Players

XY

  • Race: Terran Terran
  • League: Platinum

Elazer - Winner!

  • Race: Zerg Zerg

Event: DreamHack Open Tours WCS Spring Championship

VOD

Have the link to the VOD?

Description

Time

  • Played on: May 14, 2016, 2:45 p.m.
  • Length: 12:29

All games in this series

Show
View Real Time Build Order
Export as new Build Order

XY Terran 

Build Orders: Liberator Opening, Reaper Expand, MMM Bio 

Get SALT Encoding   

  12  0:00  SCV  
  13  0:13  SCV  
  14  0:17  Supply Depot  
  14  0:25  SCV  
  15  0:39  SCV  
  16  0:42  Barracks  
  16  0:43  Refinery  
  16  0:51  SCV  
  17  1:03  SCV  
  18  1:15  SCV  
  19  1:29  Orbital Command  
  19  1:30  Reaper  
  20  1:40  Command Center  
  20  1:49  Supply Depot  
  20  1:54  SCV  
  21  2:01  Marine  
  21  2:06  SCV  
  23  2:12  Factory  
  23  2:13  Refinery  
  23  2:18  SCV  
  23  2:21  Barracks Reactor  
  24  2:31  SCV  
  25  2:43  SCV  
  25  2:51  Orbital Command  
  25  2:53  Bunker  
  25  2:55  SCV  
  25  2:56  Widow Mine  
  25  2:57  Marine x2, Starport  
  30  3:07  SCV  
  31  3:14  Marine  
  31  3:15  Marine  
  31  3:18  SCV  
  31  3:19  SCV  
  35  3:24  Supply Depot  
  35  3:30  SCV  
  35  3:31  SCV  
  36  3:35  Factory Tech Lab  
  36  3:36  Medivac, Marine x2  
  40  3:42  SCV  
  40  3:43  SCV  
  41  3:49  Liberator  
  41  3:54  SCV  
  43  3:55  SCV  
  43  4:06  SCV  
  43  4:07  SCV  
  48  4:12  Command Center  
  48  4:18  SCV  
  48  4:19  SCV  
  50  4:26  Marine, Stimpack  
  50  4:30  SCV  
  52  4:35  SCV, Barracks  
  52  4:37  Barracks  
  53  4:43  SCV  
  54  4:45  Marine  
  54  4:50  SCV  
  54  4:55  Factory Reactor  
  54  4:56  Starport Reactor  
  54  4:58  Engineering Bay x2  
  54  5:00  Supply Depot  
  54  5:09  Supply Depot  
  54  5:12  SCV  
  54  5:14  Marine  
  54  5:22  SCV  
  54  5:24  SCV  
  54  5:27  SCV  
  57  5:32  Marine  
  58  5:36  Medivac x2  
  58  5:38  Terran Infantry Weapons Level 1  
  58  5:40  Orbital Command  
  58  5:41  SCV  
  58  5:42  Factory Reactor  
  61  5:45  SCV  
  62  5:50  Marine x4  
  62  5:52  Refinery  
  62  5:53  Refinery, SCV  
  62  5:54  Barracks  
  62  5:56  Barracks  
  67  5:57  SCV, Terran Infantry Armor Level 1  
  67  5:58  Marine  
  69  6:05  SCV  
  69  6:06  SCV  
  69  6:07  Marine x2  
  69  6:09  SCV  
  74  6:14  Barracks x3  
  74  6:18  SCV x2  
  75  6:22  SCV, Marine x2  
  75  6:23  Supply Depot, Marine  
  75  6:24  Supply Depot  
  75  6:25  Medivac  
  82  6:26  Marine  
  82  6:28  Combat Shields  
  82  6:31  SCV x2  
  85  6:44  Marine x2  
  85  6:45  Supply Depot  
  85  6:46  Supply Depot, Barracks Reactor  
  87  6:47  Supply Depot x2, Barracks Reactor  
  87  6:50  SCV x2, Marine  
  90  6:54  Medivac  
  90  6:56  SCV  
  93  7:02  SCV  
  93  7:04  SCV, Marine x2  
  97  7:09  Barracks Tech Lab x3  
  97  7:11  Marauder, Marine x2, Widow Mine x2  
  105  7:21  Medivac  
  105  7:22  Marine x2  
  109  7:24  Medivac  
  109  7:28  Marine x2  
  113  7:31  Marine x2  
  113  7:32  Marauder  
  111  7:40  Widow Mine x2  
  111  7:41  Marine  
  111  7:45  Refinery, Marine x5  
  111  7:46  Refinery  
  111  7:47  Marine x2  
  111  7:49  Marine x2  
  111  7:50  Marine  
  111  7:51  Medivac  
  118  7:53  Marine  
  118  7:54  Medivac  
  118  7:56  Missile Turret  
  118  7:58  SCV  
  118  7:59  Marine, Armory  
  118  8:02  Marine  
  118  8:03  Marauder  
  118  8:04  Marine  
  118  8:05  Marauder, Marine x2  
  128  8:10  SCV  
  128  8:11  SCV  
  127  8:13  Concussive Shells  
  127  8:15  Marauder x2  
  127  8:17  Marine  
  127  8:18  Marine  
  133  8:24  Supply Depot  
  133  8:26  Supply Depot  
  133  8:29  Supply Depot  
  133  8:31  Marine  
  133  8:32  Marine x2  
  133  8:33  Marine  
  133  8:35  SCV  
  133  8:36  SCV  
  126  8:41  Missile Turret  
  126  8:42  SCV  
  126  8:48  SCV x2  
  129  8:49  Marauder x3  
  129  8:50  Marauder, Marine x5  
  142  8:57  Marine  
  142  9:01  Marine x2  
  142  9:08  SCV, Marine x4  
  143  9:10  Marauder  
  143  9:16  Marine x2  
  143  9:17  Marauder x2  
  129  9:34  Marauder x2, Marine  
  129  9:36  SCV x3  
  129  9:38  Marauder  
  119  9:46  Marauder  
  119  9:50  Marine  
  122  9:55  Marauder x2  
  122  9:58  Marine  
  122  9:59  Marauder  
  121  10:00  Marine x6  
  121  10:06  Terran Infantry Weapons Level 2, Terran Infantry Armor Level 2  
  121  10:07  SCV, Marauder  
  121  10:08  Marine  
  122  10:16  Medivac, Marine x3  
  122  10:18  Medivac  
  128  10:24  Marine x2  
  128  10:25  Marine x3  
  123  10:29  Marine  
  123  10:34  Marine  
  116  10:38  Marine x3  
  114  10:44  Marine x3  
  114  10:47  Marine x2  
  108  10:51  Medivac x2  
  108  10:56  Marine x2  
  108  10:57  Marine  
  107  10:59  Marine x3  
  107  11:01  SCV x3  
  107  11:02  Marine  
  107  11:03  Marine x3  
  118  11:04  Marine x2  
  120  11:14  Marine x3  
  120  11:16  Marine x2  
  120  11:17  Marine  
  126  11:20  Marine x2  
  126  11:21  Medivac x2, Marauder, Marine  
  126  11:22  Widow Mine x2  
  139  11:29  Marine x2  
  139  11:32  Marine x3  
  143  11:34  Marine  
  143  11:35  Marauder x2  
  143  11:38  Marine  
  141  11:41  Marine x2  
  141  11:43  Marauder  
  140  11:47  Marine  
  140  11:50  Marine x3  
  142  11:55  Marine  
  133  12:06  Marine x2  
  104  12:09  Marine x2  
Show
View Real Time Build Order
Export as new Build Order

Elazer Zerg - Winner!

Build Orders: Hatch First, Muta Ling Bane 

Get SALT Encoding   

  12  0:00  Drone  
  13  0:12  Overlord  
  13  0:17  Drone  
  14  0:30  Drone x2  
  14  0:34  Drone  
  17  0:52  Hatchery  
  17  0:53  Drone  
  17  0:56  Drone  
  18  1:08  Extractor  
  17  1:11  Spawning Pool  
  17  1:14  Drone  
  17  1:17  Drone  
  18  1:27  Drone  
  19  1:38  Overlord  
  19  1:58  Queen, Zergling x2  
  19  2:01  Zergling x2  
  23  2:04  Queen  
  23  2:05  Drone  
  26  2:08  Metabolic Boost  
  26  2:11  Drone  
  26  2:14  Drone  
  28  2:30  Extractor  
  28  2:32  Drone, Hatchery  
  27  2:38  Spore Crawler, Drone  
  27  2:42  Drone  
  29  2:45  Queen  
  32  2:52  Drone  
  32  2:53  Overlord  
  32  2:56  Drone  
  32  2:58  Drone  
  35  3:08  Drone  
  35  3:12  Drone x2  
  38  3:15  Drone x2  
  38  3:16  Drone  
  38  3:17  Overlord  
  41  3:25  Overlord  
  41  3:26  Queen  
  43  3:29  Drone  
  44  3:34  Spore Crawler  
  44  3:37  Overlord  
  44  3:38  Drone  
  44  3:43  Overlord  
  44  3:47  Drone  
  43  3:49  Extractor  
  43  3:50  Zergling x6  
  43  3:54  Overlord  
  45  3:57  Drone  
  45  3:58  Drone x2  
  48  4:04  Queen  
  48  4:07  Zergling x2  
  48  4:08  Zergling x2  
  48  4:09  Zergling x2  
  53  4:10  Zergling x2  
  53  4:15  Lair  
  54  4:18  Drone  
  54  4:19  Drone  
  54  4:21  Drone  
  57  4:25  Overlord  
  57  4:28  Drone x2  
  57  4:30  Drone  
  60  4:32  Drone  
  60  4:37  Evolution Chamber  
  60  4:38  Drone  
  61  4:40  Evolution Chamber, Drone  
  61  4:42  Drone  
  61  4:44  Drone  
  61  4:45  Drone  
  64  4:49  Drone  
  64  4:50  Drone x2  
  65  4:52  Drone  
  65  4:53  Drone  
  65  4:57  Overlord  
  66  5:02  Zergling x4  
  66  5:03  Zergling x2  
  66  5:05  Spore Crawler  
  68  5:12  Drone x3  
  69  5:18  Zerg Melee Weapons Level 1, Zerg Ground Armor Level 1  
  67  5:22  Drone x2  
  67  5:23  Drone x2  
  71  5:33  Overlord  
  72  5:35  Drone x2  
  72  5:36  Extractor, Drone  
  72  5:37  Extractor  
  72  5:38  Extractor  
  72  5:40  Spire  
  72  5:41  Zergling x2  
  72  5:42  Zergling x4  
  73  5:47  Drone  
  73  5:49  Extractor  
  73  5:50  Drone x3  
  73  5:51  Drone x2  
  73  5:56  Drone x2  
  73  5:57  Drone  
  81  5:58  Drone  
  81  6:03  Drone x2  
  81  6:04  Drone x2  
  86  6:10  Overlord  
  86  6:14  Drone  
  87  6:19  Zergling x6  
  87  6:24  Overlord  
  87  6:25  Spore Crawler  
  89  6:28  Baneling Nest  
  89  6:31  Drone  
  89  6:34  Hatchery  
  89  6:35  Hatchery  
  87  6:42  Overlord  
  87  6:52  Mutalisk x8  
  103  6:55  Zerg Flyer Weapons Level 1  
  103  6:59  Mutalisk  
  105  7:02  Zergling x8  
  105  7:06  Overlord  
  105  7:08  Zergling x8  
  112  7:13  Centrifical Hooks  
  112  7:14  Zergling x2  
  113  7:15  Baneling  
  113  7:16  Baneling x2  
  113  7:20  Overlord  
  113  7:25  Drone x3  
  113  7:26  Drone x2  
  112  7:39  Mutalisk  
  112  7:40  Mutalisk x3  
  118  7:49  Mutalisk x2  
  122  7:51  Drone  
  122  7:52  Drone x6  
  128  8:04  Drone x3  
  131  8:06  Drone x5  
  131  8:07  Zerg Melee Weapons Level 2  
  132  8:16  Overlord  
  132  8:17  Extractor  
  132  8:18  Extractor  
  132  8:19  Mutalisk  
  132  8:20  Zergling x6  
  132  8:21  Zergling x12  
  141  8:31  Overlord x3  
  131  8:42  Mutalisk x3  
  131  8:44  Infestation Pit  
  131  8:45  Zergling x12  
  131  8:46  Zergling x12  
  148  8:52  Spore Crawler, Baneling x7  
  148  8:54  Zergling x6  
  148  9:05  Mutalisk x3  
  148  9:08  Zergling x2  
  148  9:09  Zergling x14  
  150  9:17  Baneling  
  150  9:18  Baneling x7  
  150  9:20  Overlord x3  
  144  9:27  Baneling x2  
  144  9:28  Baneling x7  
  136  9:32  Lair  
  136  9:33  Zergling x2  
  136  9:34  Zergling x4  
  131  9:45  Mutalisk x3  
  110  9:47  Zergling x20  
  110  9:48  Zergling x4  
  110  9:49  Queen  
  110  9:50  Queen  
  128  9:55  Mutalisk x2  
  128  9:57  Zergling x10  
  128  9:59  Overseer  
  125  10:10  Baneling Nest  
  114  10:14  Mutalisk  
  114  10:15  Mutalisk x2  
  114  10:18  Zergling x16  
  109  10:29  Mutalisk  
  109  10:30  Mutalisk x4  
  109  10:32  Queen, Zergling x10  
  122  10:42  Mutalisk  
  116  10:44  Zergling x8  
  116  10:49  Mutalisk  
  120  10:51  Zergling x6  
  120  10:52  Zergling x4  
  127  11:05  Mutalisk x2  
  127  11:07  Zergling x16  
  139  11:15  Pneumatized Carapace  
  139  11:16  Overlord  
  139  11:19  Drone x3  
  139  11:21  Overlord x2  
  139  11:22  Overlord, Baneling  
  139  11:23  Baneling x5  
  142  11:27  Overlord  
  142  11:30  Hatchery  
  141  11:41  Baneling x9  
  141  11:44  Zergling x2  
  141  11:45  Zergling x18  
  141  11:47  Baneling x4  
  151  11:48  Baneling  
  151  11:49  Baneling  
  151  11:51  Zergling x2  
  151  11:52  Zergling x4  
  154  11:55  Zergling x6  
  151  12:08  Zergling x22  

Tags
 
Add a new tag
Caveats
  • Supply blocks, unpowered buildings, or Contaminate may cause inaccurate times.
  • Supply counts are checked every 10 seconds.